 Dungeon Crawl Stone Soup version 0.21-a0-504-g2eda330 (webtiles) character file.

881 4thArraOfDagon the Vexing (level 8, -2/55 HPs)
             Began as a Human Enchanter on Nov 25, 2017.
             Was a Believer of Dithmenos.
             Slain by a sky beast (5 damage)
             ... in the Ecumenical Temple.
             The game lasted 00:17:09 (2987 turns).

4thArraOfDagon the Vexing (Human Enchanter)         Turns: 2987, Time: 00:17:10

Health: -2/55      AC: 12    Str:  4    XL:     8   Next: 25%
Magic:  11/11      EV:  9    Int: 28    God:    Dithmenos [**....]
Gold:   212        SH:  0    Dex:  9    Spells: 4/11 levels left

rFire    . . .     SeeInvis .   a - +1 dagger
rCold    . . .     Gourm    .   (no shield)
rNeg     . . .     Faith    .   G - +2 ring mail of the Dice {rPois Str-4 Int+9 Dex-4}
rPois    +         Spirit   .   k - +1 helmet
rElec    .         Reflect  .   (no cloak)
rCorr    .         Harm     .   s - +2 pair of gloves
MR       .....                  (no boots)
Stlth    ++........             f - amulet of magic regeneration
HPRegen  0.18/turn              (no ring)
MPRegen  0.37/turn              (no ring)

@: wreathed by umbra
A: frail 1, sense surroundings 1, evolution 1, subdued magic 1
a: Shadow Step, Renounce Religion


You were in the Ecumenical Temple.
You worshipped Dithmenos.
Dithmenos was pleased with you.
You were not hungry.

You visited 2 branches of the dungeon, and saw 7 of its levels.

You collected 212 gold pieces.

Inventory:

Hand Weapons
 a - a +1 dagger (weapon)
 i - a +0 falchion
 t - a +0 dagger of protection
Missiles
 g - 2 poisoned tomahawks (quivered)
Armour
 b - a +0 robe
 k - a +1 helmet (worn)
 s - a +2 pair of gloves (worn)
 A - a cursed +0 leather armour
 G - the +2 ring mail of the Dice (worn) {rPois Str-4 Int+9 Dex-4}
   (You found it on level 4 of the Dungeon)

   It affects your strength (-4).
   It affects your intelligence (+9).
   It affects your dexterity (-4).
   It protects you from poison.
Magical Staves
 e - an uncursed staff of summoning {unknown}
Jewellery
 f - an amulet of magic regeneration (around neck)
 h - an uncursed amulet of the gourmand
 z - an uncursed amulet of regeneration
Wands
 w - a wand of iceblast (5)
 y - a wand of disintegration (4)
Scrolls
 l - 4 scrolls of immolation {unknown}
 m - 4 scrolls of remove curse {unknown}
 o - 4 scrolls of teleportation
 q - 2 scrolls of random uselessness {unknown}
 u - 3 scrolls of fog {unknown}
 x - a scroll of noise {unknown}
Potions
 r - 2 potions of brilliance
Books
 c - a book of Maledictions

   Spells                             Type                      Level
   a - Corona                         Hexes                        1
   b - Ensorcelled Hibernation        Hexes/Ice                    2
   c - Confuse                        Hexes                        3
   d - Tukima's Dance                 Hexes                        3
   e - Dazzling Spray                 Conjuration/Hexes            3
Comestibles
 d - 5 bread rations
 j - 4 chunks of flesh
 B - a meat ration
 C - a royal jelly


   Skills:
 - Level 5.0 Fighting
 - Level 3.4(4.0) Short Blades
 * Level 2.8(3.7) Long Blades
 + Level 1.8 Armour
 - Level 2.0 Dodging
 + Level 3.8 Stealth
 - Level 2.0 Spellcasting
 - Level 5.1 Hexes


You had 4 spell levels left.
You knew the following spells:

 Your Spells              Type           Power        Failure   Level  Hunger
a - Corona                Hex            ###....      4%          1    None
b - Ensorcelled Hibernat  Hex/Ice        ##....       22%         2    ##.....
c - Confuse               Hex            ###.....     16%         3    ###....
d - Apportation           Tloc           #.....       41%         1    None


Dungeon Overview and Level Annotations

Branches:
Dungeon (6/15)             Temple (1/1) D:6

Altars:
Ashenzari
Cheibriados
Dithmenos
Fedhas
Gozag
Nemelex Xobeh
Okawaru
Wu Jian


Innate Abilities, Weirdness & Mutations

You are frail. (-10% HP)
You passively map a small area around you.
You evolve.
Your spells are a little easier to cast, but a little less powerful.


Message History

The sky beast closely misses you.
Unknown command.
Evoke which item? (* to show all) (? for menu, Esc to quit)
Okay, then.
Your magical contamination has completely faded away.
Found an opulent altar of Gozag.
There is a fountain of clear blue water here.
You barely miss the sky beast.
The sky beast is almost dead.
The sky beast stops glowing and disappears.
You closely miss something. Something hits you but does no damage.
You miss something. Something hits you.
* * * LOW HITPOINT WARNING * * *
Something shocks you.
* * * LOW HITPOINT WARNING * * *
Unknown command.
You miss something. Something hits you.
* * * LOW HITPOINT WARNING * * *
Something shocks you.
You die...

* ♣♣♣♣♣♣♣*♣♣, **
♣♣♣.....♣♣. ***, ,
♣....._...♣♣ *** ,
...........♣
._...⌠.....♣ , .
...........♣ ,..
♣......@..♣♣♣
♣♣..⌠,
.♣♣......♣w.♣♣♣..♣,
, *
♣♣♣♣♣♣♣♣♣♣...♣♣* *
♣♣♣.§...♣♣♣ , *
♣....<....♣ ,
,,♣...♣♣...÷.♣♣...
, , , .♣♣ *♣♣...♣♣
*♣ , 8 , ♣♣.♣♣ ,, *
♣.♣* *


You could see a worm.

Vanquished Creatures
  Grinder (D:3)
  A sky beast (D:5)
  A howler monkey (Temple)
  2 crimson imps (D:5)
  A centaur zombie (D:6)
  An orc priest (D:3)
  4 orc wizards
  A centaur skeleton (D:4)
  Jessica (D:2)
  An iguana (D:4)
  2 worker ants
  A killer bee zombie (D:5)
  A worker ant zombie (D:3)
  4 adders
  A shadow imp (D:5)
  3 adder skeletons (D:5)
  2 worms (D:2)
  2 dart slugs (D:1)
  A leopard gecko (D:2)
  10 orcs
  A ball python (D:2)
  2 giant cockroaches (D:4)
  12 goblins
  6 hobgoblins
  2 jackals (D:2)
  3 quokkas
  8 bats
  2 frilled lizards (D:1)
  3 kobolds (D:3)
  A quokka skeleton (D:4)
  6 rats
87 creatures vanquished.

Notes
Turn   | Place    | Note
-------+----------+-------------------------------------------
     0 | D:1      | 4thArraOfDagon the Human Enchanter began the quest for the Orb.
     0 | D:1      | Reached XP level 1. HP: 13/13 MP: 3/3
   344 | D:3      | Noticed an orc wizard
   344 | D:3      | Noticed an orc priest
   402 | D:2      | Reached XP level 2. HP: 17/19 MP: 5/5
   416 | D:2      | Learned a level 2 spell: Ensorcelled Hibernation
   469 | D:5      | Entered Level 5 of the Dungeon
   469 | D:5      | Noticed a crimson imp
   484 | D:5      | Noticed a sky beast
   489 | D:5      | Found an ornate altar of the Wu Jian Council.
   589 | D:5      | Found a shadowy altar of Dithmenos.
   598 | D:5      | Became a worshipper of Dithmenos the Shadowed
   621 | D:5      | Killed a crimson imp
   621 | D:5      | Reached XP level 3. HP: 10/24 MP: 0/6
   632 | D:5      | Learned a level 3 spell: Confuse
   711 | D:4      | Reached XP level 4. HP: 22/30 MP: 2/7
   857 | D:4      | Reached XP level 5. HP: 32/35 MP: 4/8
   939 | D:4      | Learned a level 1 spell: Apportation
  1054 | D:3      | Reached skill level 5 in Hexes
  1115 | D:3      | Reached XP level 6. HP: 5/41 MP: 9/9
  1302 | D:2      | Noticed Jessica
  1310 | D:2      | Killed Jessica
  1310 | D:2      | Reached skill level 1 in Fighting
  1413 | D:2      | Reached * piety under Dithmenos
  1655 | D:3      | Found a blossoming altar of Fedhas.
  1869 | D:3      | Reached ** piety under Dithmenos
  1869 | D:3      | Reached XP level 7. HP: 29/52 MP: 4/10
  1925 | D:3      | Found a shattered altar of Ashenzari.
  1950 | D:3      | Noticed Grinder
  1978 | D:3      | Killed Grinder
  1978 | D:3      | Reached skill level 5 in Fighting
  2253 | D:4      | Got an agate-encrusted ring mail
  2267 | D:4      | Identified the +2 ring mail of the Dice {rPois Str-4 Int+9 Dex-4} (You found it on level 4 of the Dungeon)
  2495 | D:5      | HP: 1/56 [something (6)]
  2499 | D:5      | Reached skill level 1 in Long Blades
  2499 | D:5      | Reached skill level 1 in Armour
  2503 | D:5      | Gained mutation: You passively map a small area around you. [mutagenic meat]
  2504 | D:5      | Gained mutation: You are frail. (-10% HP) [mutagenic meat]
  2505 | D:5      | Gained mutation: Your mind is acute. (Int +2) [mutagenic meat]
  2506 | D:5      | Lost mutation: Your mind is acute. (Int +2) [mutagenic meat]
  2507 | D:5      | Gained mutation: Your spells are a little easier to cast, but a little less powerful. [mutagenic meat]
  2508 | D:5      | Gained mutation: You evolve. [mutagenic meat]
  2517 | D:5      | Reached XP level 8. HP: 3/55 MP: 6/11
  2724 | D:5      | Found a sparkling altar of Nemelex Xobeh.
  2918 | D:6      | Found a staircase to the Ecumenical Temple.
  2927 | Temple   | Entered the Ecumenical Temple
  2987 | Temple   | Slain by a sky beast

Vault maps used:
D:1:      dpeg_arrival_simpleton_a, st_stairs_1, minmay_cupped
D:2:      led_sif_pool, first_bread, uniq_jessica, uniq_terence
D:3:      kennysheep_the_goblin_king, nicolae_overflow_hidden_temple,
          overflow_temple_1_default, kennysheep_generic_room_10, uniq_grinder
D:5:      kennysheep_mini, lemuel_crystal_altar, hangedman_decor_growths,
          nicolae_dithmenos_shadow_blocks
D:6:      temple_fountains
Temple:   jpeg_temple_clearing

Skill      XL: |  1  2  3  4  5  6  7  8 |
---------------+-------------------------+-----
Short Blades   | 2 3 |  3.4
Hexes          | 4 5 |  5.1
Fighting       | 3 5 |  5.0
Long Blades    | 1 2 |  2.8
Armour         | 1 |  1.8
Dodging        | |  2.0
Stealth        | |  3.8
Spellcasting   | |  2.0

Action                   |  1- 3 |  4- 6 |  7- 9 || total
-------------------------+-------+-------+-------++-------
Melee: Dagger            |    42 |   143 |   192 ||   377
 Cast: Corona            |     8 |     3 |     5 ||    16
       Ensorcelled Hiber |     8 |    49 |    28 ||    85
       Confuse           |       |     2 |     2 ||     4
Evoke: Wand              |       |       |     5 ||     5
  Use: Scroll            |     3 |     3 |       ||     6
       Potion            |       |     2 |     8 ||    10
 Stab: Sleeping          |     3 |    36 |    12 ||    51
       Confused          |       |     2 |     4 ||     6
  Eat: Chunk             |       |     6 |    10 ||    16
       Fruit             |       |     1 |     1 ||     2
       Royal jelly       |       |     1 |       ||     1
Armor: Robe              |    20 |    37 |     6 ||    63
       Skin              |       |    30 |     1 ||    31
       Ring mail         |       |       |    93 ||    93
Dodge: Dodged            |    45 |    68 |   105 ||   218

Table legend:
 A = Spawn XP
 B = Non-spawn XP
 C = Spawn XP percentage of total XP
 D = Spawn monster count
 E = Non-spawn monster count
 F = Spawn count percentage of total count
 G = Total turns spent on level
                    A         B        C        D         E        F      G
               +---------+---------+-------+---------+---------+-------+---------
         Total |       0 |    1259 |   0.0 |       0 |      87 |   0.0 |  2987
               +---------+---------+-------+---------+---------+-------+---------
           D:1 |       0 |      31 |   0.0 |       0 |      18 |   0.0 |   412
           D:2 |       0 |      62 |   0.0 |       0 |      10 |   0.0 |   348
           D:3 |       0 |     493 |   0.0 |       0 |      29 |   0.0 |   807
           D:4 |       0 |     178 |   0.0 |       0 |      12 |   0.0 |   607
           D:5 |       0 |     342 |   0.0 |       0 |      12 |   0.0 |   640
           D:6 |       0 |      95 |   0.0 |       0 |       5 |   0.0 |   115
        Temple |       0 |      58 |   0.0 |       0 |       1 |   0.0 |    58
               +---------+---------+-------+---------+---------+-------+---------
